 Dungeon Crawl Stone Soup version 0.29.1-2-gbd0b4ee654 (webtiles) character file.

Game seed: 17101206139695486652

49 qeuew the Sneak (level 3, -1/16 HPs)
             Began as a Spriggan Enchanter on Nov 11, 2022.
             Slain by a hobgoblin
             ... wielding a +0 hand axe
              (2 damage)
             ... on level 2 of the Dungeon.
             The game lasted 00:01:57 (1618 turns).

qeuew the Sneak (Spriggan Enchanter)                Turns: 1618, Time: 00:01:57

Health: -1/16      AC:  2    Str:  4    XL:     3   Next: 51%
Magic:  8/8        EV: 18    Int: 16    God:
Gold:   55         SH:  0    Dex: 17    Spells: 6/8 levels left

rFire   . . .      SeeInvis +   g - +0 dagger (speed)
rCold   . . .      Faith    .   (no shield)
rNeg    . . .      Spirit   .   b - +0 robe
rPois   .          Reflect  .   (helmet restricted)
rElec   .          Harm     .   (no cloak)
rCorr   .          Rampage  .   (gloves unavailable)
Will    .....                   (boots unavailable)
Stlth   +++.......              (no amulet)
HPRegen 0.05/turn               (no ring)
MPRegen 0.11/turn               (no ring)

@: very quick
A: very small, no large weapons, unfitting armour, see invisible, speed 3
a: no special abilities


You were on level 2 of the Dungeon.
You visited 1 branch of the dungeon, and saw 2 of its levels.

You collected 55 gold pieces.

Inventory:

Hand Weapons
 g - a +0 dagger of speed (weapon)
Armour
 b - a +0 robe (worn)
Scrolls
 a - a scroll of blinking {unknown}
 d - a scroll of enchant armour {unknown}
 f - a scroll of identify
 i - a scroll of poison {unknown}
Potions
 c - 2 potions of invisibility
 e - a potion of brilliance
 h - a potion of ambrosia


   Skills:
 + Level 1.9 Short Blades
 + Level 3.3 Dodging
 + Level 5.0 Stealth
 + Level 3.2 Spellcasting
 + Level 4.1 Hexes


You had 6 spell levels left.
You knew the following spells:

 Your Spells              Type           Power      Damage    Failure   Level
a - Ensorcelled Hibernat  Hex/Ice        18%        N/A       12%         2

Your spell library contained the following spells:

 Spells                   Type           Power      Damage    Failure   Level
 Confusing Touch          Hex            15%        N/A       11%         3
 Tukima's Dance           Hex            15%        N/A       11%         3
 Dazzling Flash           Conj/Hex       18%        N/A       24%         3


Dungeon Overview and Level Annotations

Branches:
Dungeon (2/15)

Altars:
The Shining One


Innate Abilities, Weirdness & Mutations

You are very small and have problems with some larger weapons.
You are too small for most types of armour.
You have supernaturally acute eyesight. (SInv)
You cover ground extremely quickly. (Speed+++)


Message History

There are monsters nearby!
You closely miss the hobgoblin.
The hobgoblin is almost dead.
The hobgoblin barely misses you.
You hit the hobgoblin but do no damage.
The hobgoblin is almost dead.
You hit the hobgoblin.
You kill the hobgoblin!
The hobgoblin completely misses you.
You hit the hobgoblin but do no damage. The hobgoblin barely misses you.
You hit the hobgoblin but do no damage. You barely miss the hobgoblin.
The hobgoblin hits you with a +0 hand axe.
You barely miss the hobgoblin. You barely miss the hobgoblin.
The hobgoblin hits you with a +0 hand axe.
* * * LOW HITPOINT WARNING * * *
You are too injured to fight recklessly!
You are too injured to fight recklessly!
You are too injured to fight recklessly!
You are too injured to fight recklessly!
You are too injured to fight recklessly!
You are too injured to fight recklessly!
You are too injured to fight recklessly!
You are too injured to fight recklessly!
You are too injured to fight recklessly!
You are too injured to fight recklessly!
You are too injured to fight recklessly!
You are too injured to fight recklessly!
You barely miss the hobgoblin. The hobgoblin closely misses you.
You barely miss the hobgoblin. You closely miss the hobgoblin.
The hobgoblin hits you with a +0 hand axe.
* * * LOW HITPOINT WARNING * * *
You barely miss the hobgoblin. You closely miss the hobgoblin.
The hobgoblin misses you.
You hit the hobgoblin.
The hobgoblin is severely wounded.
The hobgoblin hits you with a +0 hand axe.
You die...

................
................
................
................####
......(............#
...................##
....................
.......†).>....g..######
................@.......
..............(.....####
............#....#......
.........>..#.##...####.
........................
.##........#####.#....##
.#.........# ##..##.#.#
.#..#..##.####..## .#.#
........#.###..## ..


You could see a hobgoblin.

Vanquished Creatures
  2 adders (D:2)
  5 ball pythons (D:2)
  3 bats (D:1)
  An endoplasm (D:1)
  4 goblins
  5 hobgoblins
  A quokka (D:1)
  5 frilled lizards
  A kobold (D:1)
  5 rats
32 creatures vanquished.

Notes
Turn   | Place    | Note
-------+----------+-------------------------------------------
     0 | D:1      | qeuew the Spriggan Enchanter began the quest for the Orb.
     0 | D:1      | Reached XP level 1. HP: 9/9 MP: 5/5
   226 | D:1      | Reached XP level 2. HP: 10/13 MP: 6/6
   229 | D:1      | Learned a level 2 spell: Ensorcelled Hibernation
   631 | D:1      | Found a faded altar of an unknown god.
   652 | D:1      | Prayed at the altar of an unknown god.
   652 | D:1      | Became a worshipper of the Shining One
   652 | D:1      | Reached * piety under the Shining One
   653 | D:1      | Fell from the grace of the Shining One
  1487 | D:2      | Reached XP level 3. HP: 16/16 MP: 5/8
  1521 | D:2      | Reached skill level 5 in Stealth
  1618 | D:2      | Slain by a hobgoblin

Illustrated notes

Levels and vault maps discovered:
D:1:      wheals_arrival_shading, layout_basic,
          hellmonk_ecumenical_altar_pennies_from_heaven
D:2:      layout_rooms, serial_shops, nicolae_square_shop

Skill      XL: |  1  2  3 |
---------------+----------+-----
Dodging        | 3 |  3.3
Spellcasting   | 3 |  3.2
Hexes          | 4 |  4.1
Stealth        | 5 |  5.0
Short Blades   | |  1.9

Action                   || total
-------------------------++-------
Melee: Dagger            ||   127
       Punch             ||     2
 Cast: Ensorcelled Hiber ||     1
Invok: Renounce Religion ||     1
  Use: Scroll            ||     4
 Stab: Sleeping          ||    11
Armor: Robe              ||     6
Dodge: Dodged            ||    81
